AoeStats
← Edmond.

Arabia

509395094Analyzed
2v2 RM · 5d ago on Sep 26, 2026· 78m 31s· 4 players
Game mode
Random Map
Map size
Medium (4 player)
Population
200
Speed
Normal
Resources
Standard
Victory
Conquest
Starting age
Dark Age
Ending age
Imperial Age
RankedLock teamsTeams togetherTeam positionsShared explorationLock speedFull tech treeHidden civsTurbo modeCheats
Victory
Defeat
🇨🇳 Varangians · China
1126
+17
🇨🇳 Hindustanis · China
1116
+17
🇦🇷 Franks · Argentina
1149
-17
🇦🇷 Huns · Argentina
1147
-17
Bar
11:40 Feudal Age
11:21 Loom
13:00 Town Watch
16:36 Horse Collar
17:50 Double-Bit Axe
20:43 Castle Age
22:44 Bloodlines
22:46 Forging
22:54 Scale Mail Armor
22:57 Stone Mining
24:30 Stone Shaft Mining
24:07 Bow Saw
27:21 Fletching
31:22 Wheelbarrow
33:00 Gold Mining
34:59 Arson
35:15 Squires
35:57 Husbandry
36:47 Heavy Plow
38:00 Gold Shaft Mining
40:38 Chain Mail Armor
41:36 Bodkin Arrow
45:04 Imperial Age
42:00 Elite Skirmisher
43:21 Hand Cart
43:30 Hand Cart
45:16 Padded Archer Armor
47:12 Chemistry
47:01 Leather Archer Armor
47:53 Shatagni
50:47 Ballistics
51:02 Scale Barding Armor
55:44 Conscription
56:43 Grand Trunk Road
65:13 Iron Casting
66:46 Caravan
69:37 Caravan
73:15 Two-Man Saw
77:35 Light Cavalry
Edmond.
8:03 Loom
9:49 Feudal Age
12:14 Horse Collar
12:20 Double-Bit Axe
14:32 Bloodlines
21:59 Castle Age
20:35 Gold Mining
22:29 Scale Barding Armor
22:58 Husbandry
25:20 Stone Mining
25:41 Bow Saw
25:32 Heavy Plow
28:44 Chain Barding Armor
30:49 Wheelbarrow
31:57 Elite Skirmisher
33:48 Stone Shaft Mining
33:34 Forging
34:17 Hand Cart
37:44 Imperial Age
35:05 Town Watch
36:34 Iron Casting
36:32 Town Patrol
37:46 Scale Mail Armor
37:33 Gambesons
37:48 Squires
37:34 Arson
38:10 Treadmill Crane
38:25 Elite Varangian Guard
38:36 Cavalier
39:40 Conscription
40:26 Chain Mail Armor
41:08 Plate Barding Armor
40:41 Siege Engineers
41:58 Two-Man Saw
44:54 Crop Rotation
44:30 Murder Holes
47:37 Plate Mail Armor
47:34 Fletching
47:46 Padded Archer Armor
50:01 Bodkin Arrow
51:40 Leather Archer Armor
53:16 Bracer
54:17 Blast Furnace
53:41 Ballistics
54:22 Chemistry
52:57 Gothikon
57:13 Masonry
57:44 Ring Archer Armor
58:10 Vendel Legacy
66:06 Architecture
66:43 Fortified Wall
73:24 Elite Jarl
74:23 Caravan
Arkantos
3:28 Loom
8:45 Feudal Age
16:10 Double-Bit Axe
19:41 Castle Age
18:22 Gold Mining
20:17 Fletching
21:22 Bodkin Arrow
22:18 Bloodlines
23:03 Ballistics
24:53 Husbandry
26:19 Thumb Ring
31:55 Wheelbarrow
34:11 Imperial Age
33:05 Light Cavalry
34:59 Bracer
36:51 Chemistry
37:49 Parthian Tactics
38:50 Gold Shaft Mining
40:41 Heavy Cavalry Archer
46:52 Hussar
48:02 Forging
47:53 Scale Mail Armor
48:50 Conscription
49:20 Scale Barding Armor
49:55 Iron Casting
52:32 Chain Barding Armor
55:30 Plate Barding Armor
55:51 Hand Cart
58:43 Blast Furnace
61:59 Murder Holes
Marcospx
7:25 Loom
9:26 Feudal Age
10:13 Double-Bit Axe
14:07 Forging
21:55 Castle Age
31:53 Scale Barding Armor
33:04 Chain Barding Armor
33:31 Bow Saw
33:33 Pikeman
45:16 Imperial Age
43:53 Iron Casting
45:11 Scale Mail Armor
48:18 Blast Furnace
47:53 Plate Barding Armor
46:47 Cavalier
60:52 Blast Furnace
59:48 Light Cavalry
61:58 Plate Barding Armor
68:26 Chain Mail Armor
74:43 Fletching
77:40 Murder Holes
Connection lost

Rejoining the realm…

Still unreachable

The connection could not be restored.

Session expired

The server has moved on; the page needs a fresh start.